 Dungeon Crawl Stone Soup version 0.24-a0-584-g9d6b971ae4 (webtiles) character file.

Game seed: 16159518013505060218, levelgen mode: deterministic

720936 Gynju the Conqueror (level 27, -1/199 HPs)
             Began as a Gargoyle Monk on Sept 4, 2019.
             Was a High Priest of Zin.
             Killed by divine providence
             ... invoked by a smoke demon
              (16 damage)
             ... on level 4 of the Abyss on Sept 5, 2019.
             The game lasted 04:00:16 (82870 turns).

Gynju the Conqueror (Gargoyle Monk)                Turns: 82870, Time: 04:00:17

Health: -1/199     AC: 72    Str: 39    XL:     27
Magic:  0/37       EV: 21    Int: 20    God:    Zin [*****.]
Gold:   3044       SH: 16    Dex: 18    Spells: 41/44 levels left

rFire    + + +     SeeInvis +   a - +11 eveningstar of Cemawud {crush, rPois rC+++ rN+ Dex-4}
rCold    + + +     Gourm    .   B - +2 buckler of Larphal {rF++ rC+ MR+ MP-9}
rNeg     + + +     Faith    .   I - +13 crystal plate armour of the Shrike {rPois MP+9 SInv}
rPois    ∞         Spirit   +   O - +2 hat {MR+}
rElec    +         Reflect  +   j - scarf {Spirit}
rCorr    .         Harm     .   d - +4 pair of gloves of Foolhardiness {Slay+4 SInv}
MR       ++++.                  q - +2 pair of boots {run}
Stlth    ..........             L - amulet "Jocviur" {Reflect rC- rN+ Str+3 SH+4}
HPRegen  0.43/turn              C - +3 ring of strength
MPRegen  0.25/turn              v - ring of the Hero {rF+ Dex+3 SInv}

@: vitalised, flying, quick
A: big wings, negative energy resistance 1, electricity resistance, unbreathing,
petrification resistance, rot immunity, AC +20
}: 3/15 runes: decaying, serpentine, silver
a: Stop Flying, Recite, Vitalisation, Imprison, Sanctuary, Donate Gold, Renounce
Religion


You were on level 4 of the Abyss.
You worshipped Zin.
Zin was extremely pleased with you.
You were very hungry.

You visited 11 branches of the dungeon, and saw 53 of its levels.
You visited the Abyss 1 time.
You also visited: Bailey.

You collected 7409 gold pieces.
You spent 2469 gold pieces at shops.
You donated 1896 gold pieces to Zin.

Inventory:

Hand Weapons
 a - the +11 eveningstar of Cemawud (weapon) {crush, rPois rC+++ rN+ Dex-4}
   (You found it on level 1 of the Lair of Beasts)

   It inflicts extra damage upon your enemies.
   It affects your dexterity (-4).
   It renders you almost immune to cold.
   It protects you from poison.
   It protects you from negative energy.
 b - the +7 hand crossbow of Destiny {penet, +Fly Dex+2}
   (Okawaru gifted it to you on level 5 of the Vaults)

   Ammo fired by it will pass through the targets it hits, potentially hitting
   all targets in its path until it reaches maximum range.
   It affects your dexterity (+2).
   It lets you fly.
 l - the +7 great mace "Undeadhunter" {disrupt, rN+}
   (You found it on level 3 of the Crypt)

   It protects you from negative energy.
 G - a +9 sacred scourge of holy wrath
Missiles
 k - 28 silver javelins (quivered)
 P - 1893 bolts
Armour
 d - the +4 pair of gloves of Foolhardiness (worn) {Slay+4 SInv}
   (Okawaru gifted it to you on level 1 of the Snake Pit)

   It affects your accuracy and damage with ranged weapons and melee attacks
   (+4).
   It lets you see invisible.
 i - the +0 pair of gloves of Engaq {rF+ rC+ Regen+ Slay-2}
   (You bought it in a shop on level 15 of the Dungeon)

   It affects your accuracy and damage with ranged weapons and melee attacks
   (-2).
   It protects you from fire.
   It protects you from cold.
   It increases your rate of regeneration.
 j - a scarf of spirit shield (worn)
 q - a +2 pair of boots of running (worn)
 w - the +0 buckler "Ategrai" {rPois Str+6 Int+3 Dex+4}
   (Okawaru gifted it to you on level 6 of the Lair of Beasts)

   It affects your strength (+6).
   It affects your intelligence (+3).
   It affects your dexterity (+4).
   It protects you from poison.
 B - the +2 buckler of Larphal (worn) {rF++ rC+ MR+ MP-9}
   (You bought it in a shop on level 5 of the Dungeon)

   It greatly protects you from fire.
   It protects you from cold.
   It affects your resistance to hostile enchantments.
   It affects your magic capacity (-9).
 I - the +13 crystal plate armour of the Shrike (worn) {rPois MP+9 SInv}
   (Okawaru gifted it to you on level 8 of the Dungeon)

   It protects you from poison.
   It affects your magic capacity (+9).
   It lets you see invisible.
 O - a +2 hat of magic resistance (worn)
Jewellery
 v - the ring of the Hero (right hand) {rF+ Dex+3 SInv}
   (You bought it in a shop on level 3 of the Snake Pit)

   [ring of see invisible]

   It affects your dexterity (+3).
   It protects you from fire.
   It lets you see invisible.
 C - a +3 ring of strength (left hand)
 L - the amulet "Jocviur" (around neck) {Reflect rC- rN+ Str+3 SH+4}
   (You found it on level 3 of the Depths)

   [amulet of reflection]

   It shields you and reflects attacks.
   It affects your strength (+3).
   It makes you vulnerable to cold.
   It protects you from negative energy.
   It affects your SH (+4).
 S - an uncursed ring of stealth
Wands
 h - a wand of enslavement (23)
 m - a wand of acid (44)
 x - a wand of iceblast (73)
 J - a wand of paralysis (40)
 M - a wand of digging (8)
 N - a wand of disintegration (64)
 V - a wand of flame (90)
Scrolls
 e - 18 scrolls of enchant weapon
 f - 7 scrolls of fear
 g - a scroll of holy word
 n - 29 scrolls of teleportation
 s - 3 scrolls of amnesia
 t - 7 scrolls of fog
 y - 3 scrolls of blinking
 A - 3 scrolls of silence
 D - 11 scrolls of enchant armour
 K - 4 scrolls of identify {@r1}
 Q - 16 scrolls of remove curse {@r2}
 T - a scroll of brand weapon
 W - 7 scrolls of magic mapping
 Y - 6 scrolls of summoning
Potions
 o - a potion of cancellation
 p - 8 potions of might
 r - 7 potions of curing {@q1}
 z - 10 potions of haste
 E - 2 potions of invisibility
 F - 7 potions of agility
 H - 3 potions of mutation
 R - a potion of resistance
 X - 3 potions of ambrosia
Miscellaneous
 Z - 2 phantom mirrors
Comestibles
 c - 74 rations


   Skills:
 O Level 27 Fighting
 - Level 16.0 Maces & Flails
   Level 7.9(8.9) Slings
 - Level 9.2 Crossbows
 - Level 6.0(7.9) Throwing
 - Level 20.0 Armour
 - Level 20.0 Dodging
 - Level 2.1 Stealth
 - Level 20.1 Shields
 + Level 9.0 Spellcasting
 + Level 8.5 Summonings
 + Level 6.6 Translocations
 - Level 20.0 Invocations
 - Level 6.0 Evocations


You had 41 spell levels left.
You knew the following spells:

 Your Spells              Type           Power        Failure   Level  Hunger
a - Summon Butterflies    Summ           #####...     1%          1    None
b - Blink                 Tloc           N/A          4%          2    None

Your spell library contained the following spells:

 Spells                   Type           Power        Failure   Level  Hunger
 Summon Small Mammal      Summ           ####         1%          1    None
 Call Imp                 Summ           #####...     1%          2    None
 Apportation              Tloc           #####.       3%          1    None
 Call Canine Familiar     Summ           #####...     4%          3    None
 Recall                   Summ/Tloc      N/A          6%          3    None
 Gell's Gravitas          Tloc           #####.....   10%         3    None
 Lesser Beckoning         Tloc           #####.....   10%         3    None
 Teleport Other           Tloc           #####...     10%         3    None
 Shroud of Golubria       Chrm/Tloc      ###...       19%         2    None
 Summon Guardian Golem    Hex/Summ       ####....     24%         3    None
 Passage of Golubria      Tloc           N/A          30%         4    ###....
 Animate Skeleton         Necr           N/A          43%         1    None
 Beastly Appendage        Tmut           #.....       43%         1    None
 Corona                   Hex            #......      43%         1    None
 Infusion                 Chrm           #...         43%         1    None
 Magic Dart               Conj           #...         43%         1    None
 Pain                     Necr           #...         43%         1    None
 Sandblast                Erth           #.....       43%         1    None
 Shock                    Conj/Air       #...         43%         1    None
 Ensorcelled Hibernation  Hex/Ice        #.....       56%         2    None
 Passwall                 Tmut/Erth      #.......     56%         2    None
 Slow                     Hex            #.......     56%         2    None
 Song of Slaying          Chrm           #.......     56%         2    None
 Sticks to Snakes         Tmut           #.......     56%         2    None
 Swiftness                Chrm/Air       #.......     56%         2    None
 Summon Ice Beast         Ice/Summ       ####....     63%         4    ###....
 Summon Lightning Spire   Summ/Air       ####....     63%         4    ###....
 Confuse                  Hex            #.......     80%         3    None
 Conjure Flame            Conj/Fire      #.......     80%         3    None
 Dazzling Spray           Conj/Hex       #.....       80%         3    None
 Ignite Poison            Fire/Tmut/Pois #.......     80%         3    None
 Inner Flame              Hex/Fire       #.......     80%         3    None
 Mephitic Cloud           Conj/Pois/Air  #.......     80%         3    None
 Regeneration             Chrm/Necr      #.........   80%         3    None
 Spectral Weapon          Hex/Chrm       #.......     80%         3    None
 Spider Form              Tmut/Pois      #.........   80%         3    None
 Static Discharge         Conj/Air       #.......     80%         3    None
 Tukima's Dance           Hex            #.......     80%         3    None
 Vampiric Draining        Necr           #.........   80%         3    None
 Summon Mana Viper        Hex/Summ       ####....     92%         5    #####..
 Airstrike                Air            #.........   99%         4    ###....
 Animate Dead             Necr           N/A          99%         4    ###....
 Cause Fear               Hex            #.........   99%         4    ###....
 Ice Form                 Ice/Tmut       #.......     99%         4    ###....
 Petrify                  Tmut/Erth      #.......     99%         4    ###....
 Sticky Flame             Conj/Fire      #.......     99%         4    ###....
 Alistair's Intoxication  Tmut/Pois      #.......     100%        5    #####..
 Blade Hands              Tmut           #.........   100%        5    #####..
 Borgnjor's Vile Clutch   Necr/Erth      #.........   100%        5    #####..
 Dispel Undead            Necr           #.......     100%        5    #####..
 Irradiate                Conj/Tmut      #.........   100%        5    #####..
 Lee's Rapid Deconstruct  Erth           #.........   100%        5    #####..
 Lightning Bolt           Conj/Air       #.........   100%        5    #####..
 Metabolic Englaciation   Hex/Ice        #.........   100%        5    #####..
 Silence                  Hex/Air        #.........   100%        5    #####..
 Yara's Violent Unravell  Hex/Tmut       #.........   100%        5    #####..
 Bolt of Cold             Conj/Ice       #.........   100%        6    ######.
 Conjure Ball Lightning   Conj/Air       #.........   100%        6    ######.
 Death Channel            Necr           #.........   100%        6    ######.
 Deflect Missiles         Chrm/Air       #.........   100%        6    ######.
 Freezing Cloud           Conj/Ice/Air   #.........   100%        6    ######.
 Hydra Form               Tmut           #.........   100%        6    ######.
 Invisibility             Hex            #.......     100%        6    ######.
 Iron Shot                Conj/Erth      #.........   100%        6    ######.
 Ozocubu's Refrigeration  Ice            #.........   100%        6    ######.
 Simulacrum               Ice/Necr       #.........   100%        6    ######.
 Dragon Form              Tmut           #.........   100%        7    #######
 Malign Gateway           Summ/Tloc      #####.....   100%        7    #######
 Monstrous Menagerie      Summ           #####.....   100%        7    #######
 Ring of Flames           Chrm/Fire      #.........   100%        7    #######
 Summon Greater Demon     Summ           #####.....   100%        7    #######
 Summon Hydra             Summ           #####.....   100%        7    #######
 Discord                  Hex            #.........   100%        8    #######
 Ignition                 Fire           #.........   100%        8    #######
 Summon Horrible Things   Summ           #####.....   100%        8    #######
 Shatter                  Erth           #.........   100%        9    #######
 Tornado                  Air            #.........   100%        9    #######
 Statue Form              Tmut/Erth      Unusable     N/A         6    N/A

Dungeon Overview and Level Annotations

Branches:
Dungeon (15/15)            Temple (1/1) D:4            Lair (6/6) D:11
  Swamp (4/4) Lair:2        Snake (4/4) Lair:3        Slime (0/5) Lair:6
    Orc (2/2) D:10            Elf (3/3) Orc:2        Vaults (5/5) D:13
  Crypt (3/3) Vaults:2       Tomb (0/3) Crypt:3      Depths (5/5) D:15
    Zot (5/5) Depths:5     Bailey (visited)

Altars:
Ashenzari
Cheibriados
Dithmenos
Elyvilon
Fedhas
Gozag
Hepliaklqana
Kikubaaqudgha
Makhleb
Nemelex Xobeh
Okawaru
Qazlal
Ru
Sif Muna
Trog
Uskayaw
Vehumet
Wu Jian
Xom
Yredelemnul
Zin
The Shining One
Lugonu

Shops:
D:5 [   D:6 *   D:15 [   Orc:2 *(=[   Elf:1 !   Elf:2 ?   Snake:2 :?
Snake:3 =}=   Vaults:4 (   Depths:1 [

Portals:
Hell: Depths:1 Depths:2 Depths:3 Depths:4 Depths:5
Abyss: Depths:3 Depths:4
Pandemonium: Depths:2 Depths:3 Depths:4
Ziggurat: Depths:5

Annotations:
Lair:4 exclusion: 5 oklob plants
Vaults:4 8 runed translucent doors, Ecihucs's ghost, adept GrEE
Zot:2 1 runed translucent door, Memutt's ghost, veteran GrWz
Zot:3 1 transporter
Zot:4 1 runed translucent door, Myha's ghost, legendary SpVM


Innate Abilities, Weirdness & Mutations

You are resistant to torment.
Your stone body is resilient. (AC +20)
You are immune to poison.
Your large and strong wings let you fly indefinitely.
You resist negative energy. (rN+)
You are resistant to electric shocks. (rElec)
You can survive without breathing.
You are immune to petrification.
You are immune to rotting.


Message History

The starcursed mass engulfs you but does no damage.
A white draconian comes into view. It is wielding a +0 battleaxe.
The starcursed mass engulfs you but does no damage.
A cacophony of accursed wailing tears at your sanity!
* * * LOW HITPOINT WARNING * * *
You shrug off the repeated paralysis!
The starcursed mass engulfs you but does no damage.
The starcursed mass completely misses you.
The ancient zyme hits you but does no damage.
The ancient zyme barely misses you.
The starcursed mass engulfs you but does no damage.
You can move again.
Zin grants you divine stamina.
Zin will no longer cleanse your potions of mutation.
The ancient zyme stops glowing.
The Executioner gestures.
The Executioner seems to speed up.
The smoke demon gestures at you. Something smites you!
You die...

. # . # .# ..# . #
v.## #..##. # . # .
.h. ........ .... .
d.. )... . .... # .
#.X #..# .†# # .
..##.h##..##G.## .
...1hhX1X÷....[.
..#
....3X1.3XxX.......
. # .4##@X## .# #
#. #XX## . . .8.


.XXX. .... . .§....XXXX.... ..# .##X.##..##.. .. #..# ..# .# . ... .... ... . ..
.... .. You could see 16 starcursed masses, 2 Tzitzimimeh, a white draconian, an
Executioner, an ancient zyme, a large abomination, a sixfirhy, a smoke demon, 4
raiju and a golden eye.

Vanquished Creatures
  4 orbs of fire
  Mara (Snake:4)
  Mennas (Depths:5)
  8 ancient liches
  A juggernaut (Depths:5)
  Boris (twice) (Depths:5 Crypt:3)
  Margery (Depths:5)
  2 shard shrikes (Zot:4)
  11 Killer Klowns
  the Lernaean hydra (Swamp:4)
  Vashnia (Snake:4)
  Bai Suzhen (Vaults:2)
  3 curse toes
  Xtahua (Crypt:2)
  5 caustic shrikes
  10 golden dragons
  A bone dragon (Crypt:3)
  4 electric golems
  The ghost of Arang the Severer, an adept FoFi of Qazlal (Elf:3)
  15 tentacled monstrosities
  7 liches
  A Hell Sentinel (Depths:5)
  25 Orb Guardians
  The ghost of Vogetsu the Peltast, an adept MiFi of Okawaru (Elf:2)
  5 deep elf blademasters
  Asterion (Depths:2)
  16 titans
  3 deep elf master archers
  4 thorn hunters
  7 ancient champions
  The ghost of Arang the Tortoise, an adept FoFi of Cheibriados (Snake:4)
  10 quicksilver dragons
  5 sphinxes
  A tentacled starspawn (Abyss:3)
  Gastronok (Lair:3)
  17 storm dragons
  13 shadow dragons
  Kirke (Lair:4)
  13 death cobs
  7 nagarajas (Snake:4)
  4 revenants
  Roxanne (Snake:4)
  9 draconian monks
  23 fire giants
  6 tengu reavers
  26 frost giants
  4 draconian knights
  An iron dragon (Zot:1)
  2 ghost moths (Zot:2)
  A balrug (Abyss:3)
  13 draconian shifters
  11 vault wardens
  Aizul (Swamp:3)
  5 draconian scorchers
  9 deep elf sorcerers
  8 deep elf elementalists
  2 curse skulls
  6 draconian annihilators
  Louise (Swamp:4)
  A ghost moth (shapeshifter) (Vaults:1)
  12 ironheart preservers
  An orc warlord (Orc:2)
  7 ghouls
  10 draconian stormcallers
  31 stone giants
  A reaper (Crypt:2)
  A war gargoyle (Vaults:4)
  2 spriggan defenders
  2 caustic shrike skeletons (Crypt:3)
  22 green draconians
  23 very ugly things
  2 deep elf demonologists
  12 black draconians
  2 lorocyprocas
  6 deep elf annihilators
  13 red draconians
  A minotaur (Lair:1)
  10 vampire knights
  19 purple draconians
  12 yellow draconians
  18 white draconians
  6 spark wasps
  11 small abominations
  7 deep elf death magi
  8 eidola
  19 ettins
  A crystal guardian (Abyss:4)
  The ghost of Scypier the Grappler, a journeyman TrMo of Wu Jian (D:11)
  The ghost of Mithandil the Corrupter of Planes, a journeyman DsAK of Lugonu (Swamp:1)
  6 jiangshi (Crypt:3)
  8 deep elf high priests
  17 yaktaur captains
  11 fire dragons
  15 naga warriors
  7 rakshasas
  8 great orbs of eyes
  A shambling mangrove (Swamp:3)
  13 ice dragons
  Erolcha (D:13)
  35 vault guards
  Harold (D:10)
  2 ghost crabs (Swamp:4)
  6 spriggan air magi
  5 death knights
  26 hydras
  5 centaur warriors
  A catoblepas (D:15)
  2 merfolk aquamancers (Depths:3)
  22 alligators
  6 anacondas
  50 two-headed ogres
  31 dancing weapons
  The ghost of Gargoyl the Cleaver, a novice CeAK of Lugonu (Lair:1)
  A queen ant (D:10)
  6 deep troll shamans
  6 death yaks
  5 tengu warriors
  16 ogre magi
  3 deep troll earth magi
  8 vampire magi
  6 orc high priests
  16 naga sharpshooters
  12 shock serpents
  7 thrashing horrors (Abyss:4)
  3 spriggan berserkers
  6 soul eaters (Depths:3)
  5 hell knights
  33 deep elf knights
  3 spatial maelstroms (Abyss:4)
  5 titan skeletons (Crypt:3)
  8 wretched stars
  A sixfirhy (Abyss:3)
  6 iron trolls
  6 salamander mystics
  17 large abominations
  5 shadow wraiths
  A spark wasp zombie (Crypt:2)
  22 skeletal warriors
  2 storm dragon skeletons
  A death drake (shapeshifter) (Vaults:4)
  22 deep trolls
  A ghost moth zombie (Crypt:2)
  An unseen horror (shapeshifter) (Depths:2)
  A spriggan druid (Swamp:4)
  3 wizards
  A shadow demon (Abyss:3)
  3 flayed ghosts
  5 naga ritualists (Snake:4)
  5 sea snakes (Snake:3)
  2 glowing orange brains
  An obsidian statue (Zot:5)
  An iron giant zombie (Crypt:3)
  26 deep elf archers
  11 swamp dragons
  Pikel (D:6)
  A shadow dragon zombie (Crypt:2)
  An anaconda zombie (Crypt:2)
  A tengu zombie (Depths:4)
  9 phantasmal warriors
  2 anaconda skeletons
  13 harpies
  19 orc knights
  8 ironbrand convokers
  8 necromancers
  2 fire giant zombies
  A sphinx skeleton (Vaults:4)
  A glowing shapeshifter (Depths:2)
  5 mana vipers
  3 orc sorcerers
  2 worldbinders
  79 deep elf magi
  47 slime creatures
  5 wolf spiders
  6 cyclopes
  24 moths of wrath
  A mana viper (shapeshifter) (Vaults:4)
  47 ugly things
  5 stone giant skeletons
  3 manticores
  2 shadow dragon skeletons (Crypt:3)
  6 salamanders
  An elephant (shapeshifter) (Depths:4)
  4 centaur zombies
  7 guardian serpents
  A guardian serpent (shapeshifter) (Vaults:3)
  16 elephants
  17 naga magi
  2 iron dragon skeletons
  A titan simulacrum (Crypt:2)
  15 vault sentinels
  28 black mambas
  Psyche (D:10)
  2 rust devils (Depths:3)
  31 spiny frogs
  2 frost giant skeletons
  Joseph (D:14)
  6 smoke demons
  2 gargoyles
  A spiny frog (shapeshifter) (Depths:3)
  8 rime drakes
  A rime drake (shapeshifter) (Vaults:3)
  2 kobold demonologists (Depths:3)
  59 yaktaurs
  2 efreet
  9 komodo dragons
  A yaktaur zombie (Vaults:4)
  A sea snake zombie (Crypt:3)
  3 ancient zymes
  8 freezing wraiths
  2 komodo dragons (shapeshifter)
  An anaconda simulacrum (Crypt:2)
  2 red devils (Abyss:3)
  19 starcursed masses
  A queen bee (Lair:4)
  4 tengu conjurers
  2 hellwings
  A harpy zombie (Crypt:2)
  A queen ant zombie (Crypt:3)
  A jumping spider (shapeshifter) (Vaults:1)
  3 polar bears
  3 meliai (Lair:4)
  8 tyrant leeches
  2 trolls (shapeshifter)
  7 trolls
  A tengu simulacrum (Vaults:4)
  7 hornets
  An iron troll skeleton (Crypt:3)
  A shadow dragon simulacrum (Crypt:2)
  A hornet (shapeshifter) (Depths:2)
  An ettin zombie (Vaults:4)
  11 raiju
  10 bog bodies
  A fire giant simulacrum (Vaults:2)
  A fire dragon zombie (Crypt:2)
  12 hippogriffs
  A hydra skeleton (Crypt:3)
  30 blink frogs
  A frost giant simulacrum (Crypt:2)
  3 flying skulls (Abyss:4)
  3 spriggans
  An alligator skeleton (Crypt:3)
  2 ettin skeletons (Crypt:3)
  8 water elementals
  A spriggan (shapeshifter) (Depths:4)
  2 redbacks (Lair:6)
  4 shadows
  2 tarantellas (shapeshifter)
  A fire dragon skeleton (Crypt:3)
  66 yaks
  A vampire (Abyss:3)
  5 ynoxinuls
  4 air elementals
  13 wraiths
  20 wyverns
  Eustachio (D:5)
  2 hogs (Lair:3)
  9 humans (D:13)
  2 fire elementals
  A black mamba skeleton (Crypt:3)
  A golden eye (shapeshifter) (Vaults:1)
  9 steam dragons
  A hungry ghost (D:14)
  9 basilisks
  2 neqoxecs (Abyss:4)
  2 human simulacra
  A yaktaur simulacrum (Vaults:1)
  38 vampire mosquitoes
  4 chaos spawn
  8 wargs
  A wind drake skeleton (Crypt:3)
  A monstrous demonspawn zombie (Crypt:3)
  50 nagas
  4 acid dragons
  10 insubstantial wisps
  19 swamp worms
  7 soldier ants
  17 water moccasins
  A floating eye (Depths:5)
  5 porcupines
  12 ice beasts
  An alligator simulacrum (Crypt:2)
  14 swamp drakes
  62 orc warriors
  2 spiny frog skeletons (Crypt:3)
  An eye of draining (shapeshifter) (Vaults:1)
  4 sky beasts
  An elf zombie (Vaults:4)
  35 ogres
  3 necrophages
  A dream sheep zombie (Crypt:1)
  A hornet zombie (Crypt:1)
  3 black bears
  A phantom (D:14)
  19 centaurs
  11 crocodiles
  12 wolves
  14 boggarts
  2 elf skeletons
  3 big kobolds
  A manticore skeleton (Crypt:2)
  2 wyvern zombies
  5 earth elementals
  26 bullfrogs
  A hippogriff skeleton (Crypt:3)
  4 scorpions
  3 wyvern skeletons
  An orc simulacrum (Vaults:1)
  53 killer bees
  A spriggan skeleton (Crypt:3)
  42 wights
  3 electric eels
  5 crimson imps
  5 quasits
  A bullfrog zombie (D:5)
  8 human zombies
  12 jellies
  8 hounds
  6 centaur skeletons
  23 orc priests
  24 orc wizards
  4 bullfrog skeletons
  2 iron imps
  A basilisk zombie (Crypt:3)
  4 iguanas
  2 human skeletons (D:15)
  37 worker ants
  A hell rat (D:11)
  A felid zombie (Crypt:1)
  2 dwarf skeletons (Crypt:2)
  2 hound skeletons
  A mummy (D:15)
  A howler monkey zombie (Crypt:1)
  A worker ant zombie (D:11)
  3 gnolls (D:4)
  21 adders
  4 river rats
  6 shadow imps
  3 ufetubi
  7 oozes
  2 adder zombies
  An adder skeleton (D:4)
  An iguana skeleton (Crypt:2)
  An iguana zombie (Crypt:1)
  6 worms
  3 dart slugs
  6 leopard geckos
  120 orcs
  5 bats
  2 giant cockroaches
  A giant cockroach (shapeshifter) (Vaults:5)
  17 goblins
  8 hobgoblins
  11 jackals
  23 kobolds
  6 quokkas
  3 ball pythons
  7 frilled lizards
  A gnoll skeleton (Crypt:1)
  A jackal skeleton (D:8)
  A kobold zombie (Crypt:3)
  A leopard gecko zombie (D:7)
  15 rats
  2 crawling corpses
  A plant (Lair:6)
2976 creatures vanquished.

Vanquished Creatures (others)
  Nikola (Vaults:2)
  A titan (Depths:5)
  2 deep elf master archers
  A storm dragon (Zot:1)
  A fire giant (Depths:5)
  A draconian knight (Zot:3)
  A vault warden (Vaults:3)
  A war gargoyle (Vaults:5)
  A purple draconian (Zot:3)
  2 yaktaur captains
  A vault guard (Vaults:5)
  2 naga sharpshooters
  A deep elf knight (Zot:1)
  4 deep elf archers
  A deep elf mage (Zot:1)
  3 yaktaurs
  A hornet (Vaults:4)
  4 humans
  A killer bee (Lair:4)
  A quasit (Depths:3)
  2 briar patches (Swamp:4)
  2 crawling corpses (Elf:3)
  24 fungi
  A lurking horror (Abyss:3)
  A pillar of salt (Abyss:4)
  21 plants
  2 starspawn tentacles (Abyss:3)
  A withered plant (Swamp:1)
85 creatures vanquished.

Grand Total: 3061 creatures vanquished

Notes
Turn   | Place    | Note
-------+----------+-------------------------------------------
     0 | D:1      | Gynju the Gargoyle Monk began the quest for the Orb.
     0 | D:1      | Reached XP level 1. HP: 14/14 MP: 1/1
   150 | D:1      | Reached XP level 2. HP: 8/19 MP: 2/2
  1057 | D:2      | Reached XP level 3. HP: 23/23 MP: 3/3
  1215 | D:2      | Reached skill level 1 in Shields
  1265 | D:2      | Reached XP level 4. HP: 28/28 MP: 4/4
  1521 | D:2      | Reached skill level 5 in Maces & Flails
  1706 | D:2      | Reached XP level 5. HP: 29/32 MP: 5/5
  2109 | D:3      | Found a faded altar of an unknown god.
  3208 | D:4      | Reached XP level 6. HP: 25/37 MP: 4/6
  3401 | D:4      | Found a staircase to the Ecumenical Temple.
  3509 | Temple   | Entered the Ecumenical Temple
  3521 | Temple   | Became a worshipper of Warmaster Okawaru
  3521 | Temple   | Reached * piety under Okawaru
  3521 | Temple   | Reached ** piety under Okawaru
  4453 | D:5      | Entered Level 5 of the Dungeon
  4525 | D:5      | Noticed Eustachio
  4566 | D:5      | Killed Eustachio
  4566 | D:5      | Reached skill level 1 in Invocations
  4566 | D:5      | Reached XP level 7. HP: 27/41 MP: 4/8
  4949 | D:5      | Reached *** piety under Okawaru
  5104 | D:5      | Found Hiewkoec's Armour Shoppe.
  5427 | D:5      | Reached XP level 8. HP: 42/46 MP: 10/10
  5682 | D:6      | Reached skill level 5 in Shields
  5738 | D:6      | Found Inuohoru's Assorted Antiques.
  5859 | D:6      | Received a gift from Okawaru
  6652 | D:7      | Reached **** piety under Okawaru
  6789 | D:7      | Reached skill level 4 in Fighting
  6789 | D:7      | Reached XP level 9. HP: 52/52 MP: 12/12
  7242 | D:7      | Found a radiant altar of Vehumet.
  7368 | D:5      | Bought the +2 buckler of Larphal {rF++ rC+ MR+ MP-9} for
                  | 425 gold pieces
  7412 | D:7      | Found a hazy altar of Hepliaklqana.
  7789 | D:7      | Reached skill level 5 in Invocations
  7791 | D:7      | Noticed Pikel
  8082 | D:6      | Killed Pikel
  8082 | D:6      | Reached skill level 5 in Fighting
  8157 | D:7      | Reached skill level 10 in Maces & Flails
  8227 | D:7      | Reached ***** piety under Okawaru
  8759 | D:8      | Reached XP level 10. HP: 45/60 MP: 10/14
  8769 | D:8      | Reached skill level 6 in Fighting
  9245 | D:8      | Received a gift from Okawaru
  9261 | D:8      | Got an encrusted crystal plate armour {god gift}
  9272 | D:8      | Identified the +13 crystal plate armour of the Shrike
                  | {rPois MP+9 SInv} (Okawaru gifted it to you on level 8 of
                  | the Dungeon)
  9372 | D:8      | Noticed a two-headed ogre
  9382 | D:8      | Killed a two-headed ogre
  9382 | D:8      | Reached skill level 1 in Armour
 10356 | D:9      | Reached skill level 7 in Fighting
 10850 | D:10     | Entered Level 10 of the Dungeon
 10882 | D:10     | Reached XP level 11. HP: 59/67 MP: 16/16
 11203 | D:10     | Noticed a two-headed ogre
 11216 | D:10     | Killed a two-headed ogre
 11539 | D:10     | Found a staircase to the Orcish Mines.
 11640 | D:10     | Noticed Psyche
 11656 | D:10     | Killed Psyche
 11656 | D:10     | Reached skill level 8 in Fighting
 11907 | D:11     | Reached skill level 1 in Evocations
 11947 | D:11     | Received a gift from Okawaru
 11947 | D:11     | Reached skill level 5 in Armour
 12032 | D:11     | Noticed a death yak
 12033 | D:11     | Noticed a death yak
 12033 | D:11     | Noticed a death yak
 12039 | D:11     | Found a staircase to the Lair.
 12055 | D:11     | Killed a death yak
 12077 | D:11     | Killed a death yak
 12094 | D:11     | Killed a death yak
 12309 | D:11     | Noticed a cyclops
 12323 | D:11     | Killed a cyclops
 12323 | D:11     | Reached XP level 12. HP: 66/75 MP: 18/18
 12585 | D:11     | Found a runed translucent door.
 12587 | D:11     | Noticed Scypier's ghost (journeyman TrMo)
 12958 | D:11     | Noticed a queen ant
 13040 | D:10     | Killed a queen ant
 13040 | D:10     | Reached ****** piety under Okawaru
 13045 | D:10     | Received a gift from Okawaru
 13048 | D:10     | Got a bloodstained great mace {god gift}
 13054 | D:10     | Identified the +5 great mace "Xurgh" {drain, rN+} (Okawaru
                  | gifted it to you on level 10 of the Dungeon)
 13219 | D:10     | Reached skill level 9 in Fighting
 13765 | Lair:1   | Entered Level 1 of the Lair of Beasts
 14073 | Lair:1   | Found a shimmering altar of Xom.
 14080 | Lair:1   | Noticed a five-headed hydra
 14099 | D:11     | Killed a five-headed hydra
 14553 | Lair:1   | Got a crude eveningstar
 14554 | Lair:1   | Identified the +11 eveningstar of Cemawud {crush, rPois
                  | rC+++ rN+ Dex-4} (You found it on level 1 of the Lair of
                  | Beasts)
 14592 | Lair:1   | Noticed Gargoyl's ghost (novice CeAK)
 14593 | Lair:1   | Noticed a minotaur
 14700 | Lair:1   | Found a runed translucent gate.
 14700 | Lair:1   | Found a runed translucent gate.
 14701 | Lair:1   | Found a runed translucent gate.
 15196 | Lair:2   | Received a gift from Okawaru
 15196 | Lair:2   | Reached XP level 13. HP: 81/81 MP: 19/19
 15211 | Lair:2   | Found a hide-covered altar of Uskayaw.
 15513 | Lair:2   | Reached skill level 10 in Fighting
 15629 | Lair:2   | Reached skill level 5 in Evocations
 16206 | Lair:2   | Found a staircase to the Swamp.
 16444 | Lair:3   | Noticed Gastronok
 16454 | Lair:3   | Killed Gastronok
 16454 | Lair:3   | Received a gift from Okawaru
 17169 | Lair:3   | Found a staircase to the Snake Pit.
 17692 | Lair:2   | Reached skill level 1 in Slings
 17711 | Lair:2   | Received a gift from Okawaru
 18622 | Lair:4   | Received a gift from Okawaru
 18622 | Lair:4   | Gained mutation: Your large and strong wings let you fly
                  | indefinitely. [Gargoyle growth]
 18622 | Lair:4   | Reached XP level 14. HP: 86/88 MP: 20/20
 18632 | Lair:4   | Got a bloodstained demon whip {god gift}
 18633 | Lair:4   | Identified the +9 demon whip "Hesip" {elec, Stlth+}
                  | (Okawaru gifted it to you on level 4 of the Lair of Beasts)
 18733 | Lair:4   | Reached skill level 11 in Fighting
 18746 | Lair:4   | Reached skill level 15 in Maces & Flails
 18772 | Lair:4   | Noticed Kirke
 18793 | Lair:4   | Killed Kirke
 19077 | Lair:4   | Received a gift from Okawaru
 19351 | Lair:4   | Got a pitted flail {god gift}
 19352 | Lair:4   | Identified the +10 flail of Quudewi {crush, *Noise rPois
                  | Str+4} (Okawaru gifted it to you on level 4 of the Lair of
                  | Beasts)
 20000 | Lair:5   | Reached skill level 10 in Armour
 20191 | Lair:5   | Received a gift from Okawaru
 20196 | Lair:5   | Reached skill level 5 in Slings
 20370 | Lair:5   | Received a gift from Okawaru
 20403 | Lair:5   | Received a gift from Okawaru
 20537 | Lair:5   | Reached skill level 12 in Fighting
 20596 | Lair:5   | Reached XP level 15. HP: 91/96 MP: 19/21
 20905 | Lair:6   | Entered Level 6 of the Lair of Beasts
 20925 | Lair:6   | Found a staircase to the Slime Pits.
 21087 | Lair:6   | Received a gift from Okawaru
 21098 | Lair:6   | Got a twisted buckler {god gift}
 21121 | Lair:6   | Identified the +0 buckler "Ategrai" {rPois Str+6 Int+3
                  | Dex+4} (Okawaru gifted it to you on level 6 of the Lair of
                  | Beasts)
 21297 | Lair:6   | Found the +7 Kryia's mail coat {PotionHeal*2 rC+}
 22375 | Lair:1   | Killed Gargoyl's ghost
 22535 | Orc:1    | Entered Level 1 of the Orcish Mines
 22589 | Orc:1    | Noticed Harold
 22674 | D:10     | Killed Harold
 22859 | Orc:1    | Found a bloodstained altar of Trog.
 23069 | Orc:2    | Entered Level 2 of the Orcish Mines
 23069 | Orc:2    | Found Ukhox's Jewellery Shoppe.
 23159 | Orc:2    | Reached skill level 13 in Fighting
 23308 | Orc:2    | Received a gift from Okawaru
 23324 | Orc:2    | Found Usanly Obb's Antique Weapon Emporium.
 23454 | Orc:2    | Found a burning altar of Makhleb.
 23456 | Orc:2    | Found Idojazen's General Store.
 23612 | Orc:2    | Found a staircase to the Elven Halls.
 23837 | Orc:2    | Noticed an orc warlord
 23840 | Orc:2    | Found Aplyit's Antique Armour Shoppe.
 23853 | Orc:2    | Killed an orc warlord
 24303 | Orc:2    | Bought an uncursed ring of fire for 325 gold pieces
 24445 | D:11     | Killed Scypier's ghost
 25039 | D:12     | Received a gift from Okawaru
 25039 | D:12     | Reached XP level 16. HP: 105/105 MP: 22/22
 25048 | D:12     | Identified a +1 pair of boots of running (Okawaru gifted it
                  | to you on level 12 of the Dungeon)
 25825 | D:13     | Reached skill level 14 in Fighting
 26242 | D:13     | Noticed Erolcha
 26248 | D:13     | Killed Erolcha
 26385 | D:13     | Found a gate to the Vaults.
 26744 | D:14     | Found a flagged portal.
 26760 | Bailey   | Entered a bailey
 27075 | Bailey   | Identified a scroll of acquirement
 27076 | Bailey   | Identified the amulet of Lucidity {Harm *Drain Dex+2} (You
                  | acquired it in a bailey)
 27230 | D:14     | Noticed Joseph
 27268 | D:14     | Killed Joseph
 27576 | D:14     | Received a gift from Okawaru
 27810 | D:14     | Reached skill level 5 in Dodging
 28230 | D:15     | Entered Level 15 of the Dungeon
 28589 | D:15     | Received a gift from Okawaru
 28594 | D:15     | Reached skill level 15 in Fighting
 28722 | D:15     | Received a gift from Okawaru
 28809 | D:15     | Found Biutz's Antique Armour Shop.
 28841 | D:15     | Bought a pair of warped gloves for 228 gold pieces
 28853 | D:15     | Identified the +0 pair of gloves of Engaq {rF+ rC+ Regen+
                  | Slay-2} (You bought it in a shop on level 15 of the
                  | Dungeon)
 28910 | D:15     | Found a frozen archway.
 29004 | D:15     | Reached XP level 17. HP: 107/113 MP: 21/23
 29031 | D:15     | Found a staircase to the Depths.
 29340 | D:15     | Found an ancient bone altar of Kikubaaqudgha.
 29681 | Swamp:1  | Entered Level 1 of the Swamp
 30012 | Swamp:1  | Found a runed translucent door.
 30047 | Swamp:1  | Noticed Mithandil's ghost (journeyman DsAK)
 30147 | Swamp:1  | Received a gift from Okawaru
 30595 | Swamp:1  | Received a gift from Okawaru
 30600 | Swamp:1  | Identified the +4 hunting sling of the Penguin {freeze,
                  | rN++ MP+9} (Okawaru gifted it to you on level 1 of the
                  | Swamp)
 30749 | Swamp:1  | Killed Mithandil's ghost
 30760 | Swamp:1  | Learned a level 1 spell: Summon Butterflies
 30876 | Swamp:2  | Reached skill level 1 in Spellcasting
 31562 | Swamp:3  | Received a gift from Okawaru
 31662 | Swamp:3  | Noticed Aizul
 31682 | Swamp:3  | Killed Aizul
 31687 | Swamp:3  | Received a gift from Okawaru
 31687 | Swamp:3  | Reached skill level 15 in Armour
 31795 | Swamp:3  | Reached skill level 16 in Fighting
 32179 | Swamp:4  | Entered Level 4 of the Swamp
 32219 | Swamp:4  | Got a shimmering hand axe
 32220 | Swamp:4  | Identified the +7 hand axe of the Wraith {vamp, -Tele rF+
                  | rN++} (You found it on level 4 of the Swamp)
 32678 | Swamp:4  | Noticed Louise
 32720 | Swamp:4  | Reached XP level 18. HP: 118/121 MP: 24/24
 32722 | Swamp:4  | Killed Louise
 32764 | Swamp:4  | Received a gift from Okawaru
 33097 | Swamp:4  | Received a gift from Okawaru
 33155 | Swamp:4  | Noticed the 27-headed Lernaean hydra
 33167 | Swamp:4  | Killed the 27-headed Lernaean hydra
 33274 | Swamp:4  | Got a decaying rune of Zot
 33580 | Snake:1  | Entered Level 1 of the Snake Pit
 33986 | Snake:1  | Received a gift from Okawaru
 34102 | Snake:1  | Reached skill level 17 in Fighting
 34313 | Snake:1  | Received a gift from Okawaru
 34316 | Snake:1  | Got a pair of pitted gloves {god gift}
 34327 | Snake:1  | Identified the +4 pair of gloves of Foolhardiness {Slay+4
                  | SInv} (Okawaru gifted it to you on level 1 of the Snake
                  | Pit)
 34780 | Snake:2  | Found Ygai's Magic Scroll Shoppe.
 34788 | Snake:2  | Bought a scroll of blinking for 127 gold pieces
 34788 | Snake:2  | Bought a scroll of blinking for 127 gold pieces
 35096 | Snake:2  | Found Fuss's Book Emporium.
 36157 | Snake:3  | Found Yfoohu's Gadget Shop.
 36158 | Snake:3  | Found Loypig's Jewellery Shoppe.
 36158 | Snake:3  | Found Qaeprit's Jewellery Shoppe.
 36168 | Snake:3  | Bought the ring of the Hero {rF+ Dex+3 SInv} for 529 gold
                  | pieces
 36595 | Snake:4  | Entered Level 4 of the Snake Pit
 36711 | Snake:4  | Reached skill level 10 in Dodging
 36814 | Snake:4  | Identified Roxanne's Reference Book on Clay
 36814 | Snake:4  | Noticed Roxanne
 36836 | Snake:4  | Reached XP level 19. HP: 119/128 MP: 22/25
 36963 | Snake:4  | Killed Roxanne
 37171 | Snake:4  | Found a runed translucent door.
 37173 | Snake:4  | Noticed Arang's ghost (adept FoFi)
 37202 | Snake:4  | Killed Arang's ghost
 37202 | Snake:4  | Received a gift from Okawaru
 37205 | Snake:4  | Got a fine hand crossbow {god gift}
 37206 | Snake:4  | Identified the +10 hand crossbow of Okawaru's Hatred
                  | {freeze, rF- Int+3 Dex+3} (Okawaru gifted it to you on
                  | level 4 of the Snake Pit)
 37209 | Snake:4  | Found the +4 dagger "Morg" {pain, MR+ Int+5}
 37669 | Snake:4  | Noticed Mara
 37688 | Snake:4  | Noticed Vashnia
 37922 | Snake:4  | Reached skill level 18 in Fighting
 37939 | Snake:4  | Killed Vashnia
 38192 | Snake:4  | Received a gift from Okawaru
 38242 | Snake:4  | Reached skill level 1 in Crossbows
 38256 | Snake:4  | Received a gift from Okawaru
 38319 | Snake:4  | Noticed Gynju's illusion
 38354 | Snake:4  | Killed Mara
 38359 | Snake:4  | Received a gift from Okawaru
 38529 | Snake:4  | Got a serpentine rune of Zot
 38948 | Vaults:1 | Entered Level 1 of the Vaults
 39220 | Vaults:1 | Reached XP level 20. HP: 134/137 MP: 24/26
 39229 | Vaults:1 | Received a gift from Okawaru
 39648 | Vaults:1 | Reached skill level 5 in Crossbows
 39892 | Vaults:1 | Received a gift from Okawaru
 40055 | Vaults:1 | Reached skill level 19 in Fighting
 40652 | Vaults:2 | Received a gift from Okawaru
 40677 | Vaults:2 | Noticed Bai Suzhen
 40693 | Vaults:2 | Killed Bai Suzhen
 41033 | Vaults:2 | Found a staircase to the Crypt.
 41129 | Vaults:2 | Received a gift from Okawaru
 41150 | Vaults:2 | Identified the +8 arbalest of a wizard's laboratory
                  | {velocity, rF+ Int-4 Dex+8} (Okawaru gifted it to you on
                  | level 2 of the Vaults)
 41678 | Vaults:2 | Noticed Nikola
 41698 | Vaults:2 | Killed Nikola
 42117 | Vaults:3 | Reached XP level 21. HP: 140/144 MP: 25/27
 42421 | Vaults:3 | Received a gift from Okawaru
 43576 | Vaults:4 | Received a gift from Okawaru
 43637 | Vaults:4 | Identified the +1 animal skin "Biusk" {rElec rN+} (Okawaru
                  | gifted it to you on level 4 of the Vaults)
 44236 | Vaults:4 | Found Nuassuw's Weapon Emporium.
 44329 | Vaults:4 | Found a large runed translucent door.
 44329 | Vaults:4 | Found a large runed translucent door.
 44330 | Vaults:4 | Found a large runed translucent door.
 44330 | Vaults:4 | Found a large runed translucent door.
 44330 | Vaults:4 | Found a large runed translucent door.
 44331 | Vaults:4 | Found a large runed translucent door.
 44331 | Vaults:4 | Found a large runed translucent door.
 44331 | Vaults:4 | Found a large runed translucent door.
 44331 | Vaults:4 | Noticed Ecihucs's ghost (adept GrEE)
 44362 | Vaults:4 | Reached skill level 20 in Fighting
 44831 | Vaults:4 | Received a gift from Okawaru
 45270 | Depths:1 | Entered Level 1 of the Depths
 45279 | Depths:1 | Received a gift from Okawaru
 45284 | Depths:1 | Reached XP level 22. HP: 133/152 MP: 24/28
 45287 | Depths:1 | Got an encrusted shield {god gift}
 45360 | Depths:1 | Identified the +1 shield of the Pink Corner {-Tele rPois
                  | Str+3} (Okawaru gifted it to you on level 1 of the Depths)
 46097 | Depths:1 | Found a gateway to Hell.
 46265 | Depths:1 | Found Gaturphu's Armour Shop.
 46623 | Depths:2 | Noticed Asterion
 46624 | Depths:2 | Found a one-way gate leading to the halls of Pandemonium.
 46639 | Depths:2 | Killed Asterion
 46736 | Depths:2 | Received a gift from Okawaru
 47493 | Depths:2 | Reached skill level 21 in Fighting
 47524 | Depths:2 | Received a gift from Okawaru
 47996 | Depths:2 | Reached XP level 23. HP: 147/160 MP: 29/29
 48490 | Depths:2 | Identified the +8 hand axe "Fiymylayff" {vamp, rN+ Dex+4}
 48490 | Depths:2 | Identified the cursed -9 shield of Summer {rC+ rCorr Str-3}
 48497 | Depths:2 | Noticed a golden dragon
 48516 | Depths:2 | Killed a golden dragon
 48982 | Depths:3 | Reached skill level 15 in Dodging
 48988 | Depths:3 | Received a gift from Okawaru
 49514 | Depths:3 | Found a corrupted altar of Lugonu.
 49515 | Depths:3 | Found a one-way gate to the infinite horrors of the Abyss.
 49604 | Depths:3 | Found a runed door.
 49627 | Depths:3 | Received a gift from Okawaru
 49974 | Depths:3 | Reached skill level 22 in Fighting
 49985 | Depths:3 | Received a gift from Okawaru
 50141 | Depths:3 | Noticed an ancient lich
 50153 | Depths:3 | Killed an ancient lich
 50211 | Depths:3 | Identified the amulet "Jocviur" {Reflect rC- rN+ Str+3
                  | SH+4} (You found it on level 3 of the Depths)
 50237 | Depths:3 | Received a gift from Okawaru
 50240 | Depths:3 | Identified the +6 hand crossbow of the Whelk {velocity,
                  | Str+5} (Okawaru gifted it to you on level 3 of the Depths)
 50851 | Orc:2    | Bought a +3 ring of strength for 204 gold pieces
 51292 | Depths:4 | Noticed a golden dragon
 51344 | Depths:4 | Received a gift from Okawaru
 51350 | Depths:4 | Killed a golden dragon
 51520 | Depths:4 | Noticed a caustic shrike
 51531 | Depths:4 | Killed a caustic shrike
 51554 | Depths:4 | Reached XP level 24. HP: 73/170 MP: 16/29
 52055 | Depths:4 | Reached skill level 23 in Fighting
 52913 | Depths:5 | Entered Level 5 of the Depths
 52913 | Depths:5 | Found a gateway to a ziggurat.
 52954 | Depths:4 | Received a gift from Okawaru
 53055 | Depths:5 | Noticed Margery
 53094 | Depths:5 | Noticed Mennas
 53174 | Depths:5 | Noticed a juggernaut
 53184 | Depths:5 | Killed a juggernaut
 53337 | Depths:5 | Identified the cursed +1 broad axe of the Ass {antimagic,
                  | Str+7} (You found it on level 5 of the Depths)
 53427 | Depths:5 | Killed Margery
 54108 | Depths:5 | Noticed a caustic shrike
 54108 | Depths:5 | Noticed a caustic shrike
 54108 | Depths:5 | Noticed a caustic shrike
 54114 | Depths:5 | Killed a caustic shrike
 54118 | Depths:5 | Killed a caustic shrike
 54126 | Depths:5 | Killed a caustic shrike
 54326 | Depths:5 | Found a gate to the Realm of Zot.
 54353 | Depths:5 | Killed Mennas
 54628 | Depths:5 | Reached skill level 24 in Fighting
 54825 | Depths:5 | Noticed Boris
 54842 | Depths:5 | Killed Boris
 55565 | Vaults:5 | Entered Level 5 of the Vaults
 55575 | Vaults:4 | Reached XP level 25. HP: 179/179 MP: 24/29
 55579 | Vaults:4 | Received a gift from Okawaru
 57235 | Vaults:5 | Reached skill level 25 in Fighting
 57243 | Vaults:5 | Noticed an ancient lich
 57260 | Vaults:5 | Killed an ancient lich
 57260 | Vaults:5 | Received a gift from Okawaru
 57661 | Vaults:5 | Noticed an ancient lich
 57671 | Vaults:5 | Killed an ancient lich
 58047 | Vaults:5 | Identified the amulet of Cisennat {Faith *Slow MP+9 Dex+3
                  | SInv}
 58070 | Vaults:5 | Reached XP level 26. HP: 171/188 MP: 28/29
 58077 | Vaults:5 | Identified the Incunabulum of Gliding Transmutation
 58230 | Vaults:5 | Received a gift from Okawaru
 58430 | Vaults:5 | Noticed an ancient lich
 58440 | Vaults:5 | Killed an ancient lich
 58440 | Vaults:5 | Received a gift from Okawaru
 58443 | Vaults:5 | Identified the +7 hand crossbow of Destiny {penet, +Fly
                  | Dex+2} (Okawaru gifted it to you on level 5 of the Vaults)
 58815 | Vaults:5 | Identified the Papyrus of Fire
 58958 | Vaults:5 | Got a silver rune of Zot
 58966 | Vaults:5 | Identified the Grimoire of Moulding and Black Rituals
 58984 | Vaults:5 | Found the +9 heavy crossbow "Sniper" {velocity, Acc+∞ SInv}
 59848 | Temple   | Fell from the grace of Okawaru
 59848 | Temple   | Became a worshipper of Zin the Law-Giver
 59848 | Temple   | Reached * piety under Zin
 59848 | Temple   | Reached ** piety under Zin
 59850 | Temple   | Donated 1662 gold pieces to Zin
 59886 | D:4      | Reached *** piety under Zin
 60000 | D:12     | Reached **** piety under Zin
 60129 | Crypt:1  | Entered Level 1 of the Crypt
 60150 | Crypt:1  | Reached ***** piety under Zin
 60807 | Crypt:2  | Reached skill level 26 in Fighting
 62105 | Crypt:3  | Entered Level 3 of the Crypt
 62105 | Crypt:3  | Found a staircase to the Tomb.
 62867 | Zot:1    | Entered Level 1 of the Realm of Zot
 62951 | Depths:5 | Reached ****** piety under Zin
 62961 | Depths:5 | Reached skill level 10 in Invocations
 66014 | Zot:1    | Reached XP level 27. HP: 187/196 MP: 29/31
 66158 | Zot:1    | Noticed an ancient lich
 66822 | Zot:1    | Killed an ancient lich
 68412 | Zot:2    | Found a runed translucent door.
 68412 | Zot:2    | Found a shimmering altar of Xom.
 68412 | Zot:2    | Noticed Memutt's ghost (veteran GrWz)
 68616 | Zot:2    | Reached skill level 15 in Invocations
 68989 | Zot:2    | Reached skill level 1 in Throwing
 69115 | Zot:2    | Noticed an orb of fire
 69131 | Zot:2    | Killed an orb of fire
 69420 | Zot:2    | Reached skill level 5 in Throwing
 69606 | Zot:2    | Was forgiven by Okawaru
 69797 | Zot:2    | Identified the +15 plate armour "Diutonga" {Int+3 Dex+2
                  | Stlth-} (You found it on level 2 of the Realm of Zot)
 70792 | Zot:3    | Reached skill level 10 in Shields
 71195 | Zot:3    | Noticed an ancient lich
 71201 | Zot:3    | Noticed an ancient lich
 71623 | Zot:3    | Found a radiant altar of Vehumet.
 71627 | Zot:3    | Found a transporter.
 71627 | Zot:3    | Noticed an orb of fire
 72293 | Zot:4    | Found a runed translucent door.
 72293 | Zot:4    | Found a shimmering altar of Xom.
 72293 | Zot:4    | Noticed Myha's ghost (legendary SpVM)
 72385 | Zot:4    | Identified the +2 pair of gloves "Anliam" {*Drain rPois
                  | Dex+2} (You found it on level 4 of the Realm of Zot)
 72604 | Zot:4    | Identified the +5 dagger "Transmigrator" {antimagic, +Rage
                  | rElec Int+3 Stlth-}
 72616 | Zot:4    | Reached skill level 15 in Shields
 73351 | Zot:5    | Entered Level 5 of the Realm of Zot
 74141 | Zot:5    | Noticed an orb of fire
 74155 | Zot:5    | Killed an orb of fire
 74155 | Zot:5    | Noticed an orb of fire
 74161 | Zot:5    | Noticed an ancient lich
 74173 | Zot:5    | Noticed an orb of fire
 74177 | Zot:5    | Noticed an ancient lich
 74415 | Zot:4    | Killed an orb of fire
 74427 | Zot:4    | Killed an ancient lich
 74769 | Zot:4    | Killed an orb of fire
 75098 | Zot:4    | Killed an ancient lich
 75840 | Zot:5    | Reached skill level 27 in Fighting
 76566 | Crypt:3  | Found a basalt altar of Yredelemnul.
 76680 | Crypt:3  | Noticed Xtahua
 76702 | Crypt:2  | Killed Xtahua
 77222 | Crypt:3  | Noticed Boris
 77236 | Crypt:3  | Killed Boris
 77515 | Crypt:3  | Got a glittering bone ring
 77515 | Crypt:3  | Got a translucent glass ring
 77515 | Crypt:3  | Got a sparkling lapis lazuli ring
 77517 | Crypt:3  | Identified the ring of Spite {rC- rN+ Int+7} (You found it
                  | on level 3 of the Crypt)
 77519 | Crypt:3  | Identified the ring of the Peculiar Scars {rElec rC+ rN+}
                  | (You found it on level 3 of the Crypt)
 77521 | Crypt:3  | Identified the ring of Pemin {rF+ rN+} (You found it on
                  | level 3 of the Crypt)
 78124 | Crypt:3  | Found the +7 great mace "Undeadhunter" {disrupt, rN+}
 78187 | Crypt:3  | Noticed an ancient lich
 78198 | Crypt:3  | Killed an ancient lich
 78726 | Elf:1    | Entered Level 1 of the Elven Halls
 78772 | Elf:1    | Reached skill level 1 in Summonings
 79461 | Elf:1    | Found Nobb's Distillery.
 79469 | Elf:1    | Bought a potion of heal wounds for 90 gold pieces
 79469 | Elf:1    | Bought a potion of curing for 54 gold pieces
 79469 | Elf:1    | Bought a potion of haste for 180 gold pieces
 79469 | Elf:1    | Bought a potion of heal wounds for 90 gold pieces
 79469 | Elf:1    | Bought a potion of heal wounds for 90 gold pieces
 79689 | Elf:2    | Reached skill level 5 in Spellcasting
 79866 | Elf:2    | Found Mudoetifa's Magic Scroll Boutique.
 79932 | Elf:2    | Found a runed translucent gate.
 79932 | Elf:2    | Found a runed translucent gate.
 79932 | Elf:2    | Found a runed translucent gate.
 79950 | Elf:2    | Reached skill level 5 in Summonings
 79986 | Elf:2    | Found a runed translucent door.
 79986 | Elf:2    | Noticed Vogetsu's ghost (adept MiFi)
 80156 | Elf:2    | Killed Vogetsu's ghost
 80206 | Elf:2    | Learned a level 2 spell: Blink
 80223 | Elf:2    | Reached skill level 1 in Translocations
 80591 | Elf:3    | Entered Level 3 of the Elven Halls
 80927 | Elf:3    | Found a runed translucent door.
 80927 | Elf:3    | Noticed Arang's ghost (adept FoFi)
 81405 | Elf:3    | Killed Arang's ghost
 81990 | Elf:3    | Identified the ring of Fallacy {rPois Str+8 Dex-4 Stlth+}
 81990 | Elf:3    | Cast into level 3 of the Abyss (deep elf annihilator)
 81992 | Abyss:3  | Found a corrupted altar of Lugonu.
 81997 | Abyss:3  | Reached skill level 5 in Translocations
 82070 | Abyss:3  | Found a corrupted altar of Lugonu.
 82583 | Abyss:4  | Found a corrupted altar of Lugonu.
 82868 | Abyss:4  | Paralysed by accursed screaming for 2 turns
 82870 | Abyss:4  | Killed from afar by a smoke demon

Levels and vault maps discovered:
D:1:      dpeg_arrival_chase, layout_loops_ring, kennysheep_small_spiral,
          columned_hall_lemuel
D:2:      layout_basic, minmay_circle_x
D:3:      layout_loops_corners, first_ration,
          chequers_ecumenical_altar_simple_redux
D:4:      layout_layer_cave, temple_green, saegor_snake_ambush
D:5:      layout_loops_ring, serial_shops, nicolae_shop_trees,
          serial_park_tiny_2, uniq_eustachio
D:6:      layout_basic, serial_shops, nicolae_shop_crystal
D:7:      hangedman_cross_stitches, layout_basic, fiery_altar_vehumet,
          basic_altar, uniq_pikel
D:8:      layout_basic, hangedman_little_slice_of_home
D:9:      layout_rooms
D:10:     layout_basic, orc_0_dummy, uniq_psyche
D:11:     layout_roguey, dpeg_lair_monsters, ebering_ghost_reflecting_pool,
          zaba_antful_of_joy
D:12:     layout_loops_ring, roderic_serpentine_path
D:13:     layout_loops_cross, ximxim_vaults_locker_room,
          serial_co_window_serial, co_window_of_opportunity_a,
          co_window_paths_b, co_window_corner_a, co_window_corner_a,
          co_window_paths_b, co_window_broadway_a, co_window_paths_c,
          co_window_corner_cb, co_window_broadway_c, co_window_corner_cb,
          glass_columns_a, glass_columns_c, glass_columns_c, glass_columns_a,
          glass_columns_c, uniq_erolcha
D:14:     layout_loops_ring, hangedman_abyss_or_decor_lesser_grid,
          enter_bailey_3, minmay_sticks_and_stones
D:15:     grunt_enter_depths_hoard, layout_stronghold,
          portal_ice_cave_entry_ice_beasts, corexii_leaking_fountain,
          serial_shops, shop, lemuel_mausoleum_altar_kikubaaqudgha
Temple:   nicolae_temple_the_god_donut
Lair:1:   layout_chaotic_city, basic_altar, maelrawn_ghost_gauntlet_escape,
          infiniplex_staircase_pool, lemuel_fruit_fields
Lair:2:   layout_cave_pods, palyth_hydra_swamp_entry, st_stairs_8,
          lemuel_centaur_altar
Lair:3:   layout_cave_shapes, guppyfry_snake_entry_island,
          bobbens_dragon_lair_wall, uniq_gastronok
Lair:4:   hangedman_what_comes_after_a, layout_regular_city, st_stairs_5,
          grunt_megastairs_2, minmay_lair_oklob_chamber, uniq_kirke
Lair:5:   beast_lair_carwin_large_1, layout_regular_city, forest_entry_grove
Lair:6:   hangedman_lair_tendril_chambers, layout_cave_pods,
          nicolae_slime_entry_slimehenge, lemuel_fruit_fields
Swamp:1:  layout_basic_swamp, gammafunk_ghost_grave,
          evilmike_swamp_ruin_house_4, swamp_pool2, infiniplex_staircase_pool_2
Swamp:2:  layout_basic_swamp, evilmike_swamp_ruin_house_3
Swamp:3:  layout_basic_swamp, evilmike_swamp_ruin_house_1, uniq_aizul
Swamp:4:  swamp_old_school, layout_basic_swamp, uniq_louise
Snake:1:  layout_onion_interference
Snake:2:  layout_grid_maze, serial_shops, shop, nicolae_shop_waterfront
Snake:3:  layout_grid_shapes, st_stairs_1, minmay_shop_grove,
          serial_bayou_shore_b, grunt_megastairs_1, lemuel_fruit_tree,
          serial_bayou_shore_a
Snake:4:  johnstein_snake_rune_scales, layout_cave_town,
          ebering_ghost_inner_flame, grunt_ministairs_8,
          statue_in_the_mist_lemuel, uniq_roxanne, uniq_mara, uniq_vashnia
Orc:1:    layout_diamond_mine, trog_hazing_becter, uniq_harold
Orc:2:    grunt_orc_gardens, layout_caves, grunt_orc_garden, grunt_orc_garden,
          grunt_orc_garden, grunt_orc_garden, bloody_makhleb
Elf:1:    layout_gridlike, serial_shops, shop,
          hangedman_elven_crosses_minicolossus, grunt_megastairs_4
Elf:2:    layout_onion_city, serial_shops, shop, ebering_ghost_reflecting_pool,
          minivault_26, drop_trap
Elf:3:    minmay_elf_hall_x, layout_geoelf_castle, gammafunk_ghost_grave
Vaults:1: v_misc_28, v_misc_8, v_misc_32, v_misc_8, v_misc_17,
          nicolae_vaults_inception_scallops, vaults_mumra_chevron,
          vaults_room_guarded_vault, hangedman_vaults_stitches, v_rooms_4,
          hangedman_vaults_trim, layout_vaults_omnicross
Vaults:2: minmay_crypt_entry_simple_corners, v_misc_33, vaults_room_pool,
          nicolae_vaults_little_ls, ontoclasm_vaults_shuriken,
          vaults_room_fancy_cross, hangedman_vaults_corner_blocks,
          ontoclasm_vaults_tryst, v_misc_14, ontoclasm_vaults_chip, v_misc_29,
          v_misc_10, layout_vaults_ring, uniq_bai_suzhen, uniq_nikola
Vaults:3: v_rooms_1, v_misc_17, v_misc_27, v_misc_8,
          nicolae_vaults_diagonal_hallway_9, layout_vaults_quadrants
Vaults:4: advil_vaults_ghost_lines, hangedman_vaults_stagger, v_misc_10,
          hangedman_vaults_nodes, nicolae_vaults_sealed_display, v_rooms_3,
          vaults_dpeg_diagonal, v_misc_18, ontoclasm_vaults_twist,
          layout_vaults_big_room, serial_shops, shop
Vaults:5
Crypt:1:  layout_chaotic_city, grunt_crypt_arrival_webbed
Crypt:2:  layout_chaotic_city, roderic_lattice_octagonal_star
Crypt:3:  due_elkab, layout_chaotic_city, basic_altar, uniq_xtahua
Depths:1: layout_cave_pools, hell_entry, minmay_misc_feat_more_columns,
          serial_shops, shop, hex_large, kennysheep_cross_bottleneck,
          solitary_fountain, glass_columns_c, kennysheep_generic_room_11
Depths:2: kennysheep_large_vault, layout_basic, pan_entry, hell_entry,
          wad_floor_pattern_1, uniq_asterion
Depths:3: evilmike_wizard_prison, layout_gridlike, hangedman_decor_lopped,
          grunt_pan_entry_zigzag, abyss_entry_flame_altar, pf_coc_iceberg,
          infiniplex_staircase_pillars_3a
Depths:4: minmay_the_grid_square_5x5_4x4_mashed [minmay_the_grid_square_5x5_z,
          minmay_the_grid_square_5x5_two, minmay_the_grid_square_5x5_checkered,
          minmay_the_grid_square_5x5_six, minmay_the_grid_square_5x5_gyroscope,
          minmay_the_grid_square_5x5_prize_deathbox,
          minmay_the_grid_square_5x5_prize_rear_guard,
          minmay_the_grid_square_5x5_tetrominoes,
          minmay_the_grid_square_5x5_minimal,
          minmay_the_grid_square_5x5_prize_monsterx,
          minmay_the_grid_square_5x5_prize_snowflake,
          minmay_the_grid_square_5x5_dogpile, minmay_the_grid_square_5x5_slash,
          minmay_the_grid_square_5x5_almost_minimal,
          minmay_the_grid_square_5x5_spiral,
          minmay_the_grid_square_5x5_half_checkered], layout_basic, pan_entry,
          chequers_serial_rivers_small_b, hell_entry, abyss_entry,
          infiniplex_staircase_zigzag_2, serial_bayou_shore_b
Depths:5: evilmike_zot_entry_argh, layout_basic, enter_ziggurat_d,
          grunt_metal_band, dk_noncrumbling_2, uniq_mennas, uniq_boris
Zot:1:    ebering_klown_carousel, layout_basic, st_stairs_7
Zot:2:    grunt_zot_stairs_faceoff, layout_gridlike, ebering_ghost_xom
Zot:3:    gammafunk_sealed_library, layout_basic, grunt_ministairs_6, drop_trap
Zot:4:    layout_cathedral_of_symmetry, ebering_ghost_xom,
          hangedman_zot_wheel_spokes
Zot:5:    layout_onion
Abyss:4:  hangedman_abyss_or_decor_lesser_grid, nicolae_abyss_rune_star_stuff,
          nicolae_abyss_rune_star_stuff

Skill      XL: |  1  2  3  4  5  6  7  8  9 10 11 12 13 14 15 16 17 18 19 20 21 22 23 24 25 26 27 |
---------------+----------------------------------------------------------------------------------+-----
Maces & Flails | 4 5 6 7 8 10 11 12 13 14 16 | 16.0
Shields        | 1 2 3 4 5 6 7 8 9 20 | 20.1
Invocations    | 1 2 4 6 7 8 11 20 | 20.0
Fighting       | 4 5 7 8 9 10 12 13 15 16 17 18 19 20 21 22 24 25 26 27 | 27.0
Armour         | 3 5 7 9 10 12 14 15 16 17 18 19 20 | 20.0
Evocations     | 2 4 5 6 |  6.0
Slings         | 3 5 7 |  7.9
Dodging        | 6 8 10 11 12 13 14 16 17 18 19 20 | 20.0
Spellcasting   | 1 9 |  9.0
Crossbows      | 4 7 9 |  9.2
Throwing       | 6 |  6.0
Summonings     | 8 |  8.5
Translocations | 6 |  6.6
Stealth        | |  2.1

Action                   |  1- 3 |  4- 6 |  7- 9 | 10-12 | 13-15 | 16-18 | 19-21 | 22-24 | 25-27 || total
-------------------------+-------+-------+-------+-------+-------+-------+-------+-------+-------++-------
Melee: Mace              |   119 |   453 |   247 |       |       |       |       |       |       ||   819
       Flail             |       |       |   137 |   697 |       |       |       |       |       ||   834
       Morningstar       |       |       |   143 |   226 |       |       |       |       |       ||   369
       Great mace        |       |       |       |   193 |       |       |       |       |       ||   193
       Eveningstar       |       |       |       |    25 |  1110 |  1682 |  1444 |  1618 |  4046 ||  9925
       Demon whip        |       |       |       |       |   208 |       |       |       |       ||   208
 Fire: Fustibalus        |       |       |       |       |     9 |       |       |       |       ||     9
       Hunting sling     |       |       |       |       |     5 |     7 |       |       |       ||    12
       Arbalest          |       |       |       |       |       |       |     7 |       |       ||     7
Throw: Javelin           |       |       |       |       |       |       |       |       |     3 ||     3
Invok: Heroism           |       |       |     3 |    15 |    13 |     8 |     7 |    12 |     2 ||    60
       Finesse           |       |       |       |     4 |     4 |     5 |     7 |    10 |     2 ||    32
       Recite            |       |       |       |       |       |       |       |       |     3 ||     3
       Sanctuary         |       |       |       |       |       |       |       |       |     5 ||     5
       Donate Gold       |       |       |       |       |       |       |       |       |     1 ||     1
       Vitalisation      |       |       |       |       |       |       |       |       |     9 ||     9
 Abil: Evoke Flight      |       |       |       |     1 |       |       |       |       |       ||     1
       Fly               |       |       |       |       |     1 |       |       |       |       ||     1
Evoke: Wand              |       |       |       |       |       |     3 |       |     1 |     4 ||     8
  Use: Scroll            |       |    11 |     1 |    10 |    10 |    11 |     4 |    17 |    18 ||    82
       Potion            |       |       |       |       |     4 |     1 |       |     2 |    28 ||    35
 Stab: Invisible         |       |       |       |       |     5 |       |       |       |       ||     5
       Confused          |       |       |       |       |       |       |       |     4 |     2 ||     6
       Distracted        |       |       |       |       |       |       |       |       |     1 ||     1
       Paralysed         |       |       |       |       |       |       |       |       |     1 ||     1
  Eat: Chunk             |     1 |    12 |    18 |    28 |    26 |    27 |    23 |    28 |    22 ||   185
       Ration            |       |       |       |       |       |     3 |     1 |     1 |    19 ||    24
Armor: Robe              |     5 |       |       |       |       |       |       |       |       ||     5
       Plate armour      |    74 |   399 |   390 |    34 |       |       |       |       |       ||   897
       Crystal plate arm |       |       |       |   815 |  1059 |  1480 |   956 |  1222 |  3141 ||  8673
Dodge: Dodged            |    33 |    12 |    32 |    73 |   202 |   433 |   447 |   667 |  2212 ||  4111
Block: Large shield      |    43 |   383 |   409 |   630 |   195 |       |       |       |       ||  1660
       Buckler           |       |       |    17 |     6 |   389 |   746 |   738 |   847 |  2531 ||  5274
       Reflection        |       |       |       |       |       |    36 |    92 |    51 |   161 ||   340
       Other             |       |       |       |       |       |       |     7 |       |       ||     7

Table legend:
 A = Non-vault XP
 B = Vault XP
 C = Vault XP percentage of total XP
 D = Non-vault monster count
 E = Vault monster count
 F = Vault count percentage of total count
                 A         B        C        D         E       F
            +---------+---------+-------+---------+---------+-------
      Total | 1047605 |  957077 |  47.7 |    1860 |    1032 |  35.7
            +---------+---------+-------+---------+---------+-------
        D:1 |      33 |       0 |   0.0 |      19 |       0 |   0.0
        D:2 |     113 |      36 |  24.2 |      27 |       7 |  20.6
        D:3 |      72 |       0 |   0.0 |      28 |       0 |   0.0
        D:4 |     192 |      43 |  18.3 |      11 |       5 |  31.2
        D:5 |     594 |     203 |  25.5 |      29 |       1 |   3.3
        D:6 |     821 |     752 |  47.8 |      19 |       3 |  13.6
        D:7 |    1172 |     397 |  25.3 |      24 |       8 |  25.0
        D:8 |    2778 |     160 |   5.4 |      34 |       8 |  19.0
        D:9 |    1485 |       0 |   0.0 |      20 |       0 |   0.0
       D:10 |    4117 |    2785 |  40.4 |      30 |       7 |  18.9
       D:11 |    7598 |    5171 |  40.5 |      56 |      38 |  40.4
       D:12 |    7220 |       0 |   0.0 |      45 |       0 |   0.0
       D:13 |    7046 |    5718 |  44.8 |      30 |      13 |  30.2
       D:14 |   14479 |     418 |   2.8 |      65 |       5 |   7.1
       D:15 |   17372 |    3824 |  18.0 |      45 |      22 |  32.8
     Lair:1 |    4215 |    2442 |  36.7 |      17 |       4 |  19.0
     Lair:2 |    7476 |    4293 |  36.5 |      27 |      16 |  37.2
     Lair:3 |    2813 |    6973 |  71.3 |      14 |      23 |  62.2
     Lair:4 |    5432 |   14422 |  72.6 |      23 |      69 |  75.0
     Lair:5 |   11728 |    4814 |  29.1 |      35 |      15 |  30.0
     Lair:6 |    4491 |   10226 |  69.5 |      17 |      40 |  70.2
    Swamp:1 |   14313 |    1085 |   7.0 |      36 |       1 |   2.7
    Swamp:2 |   14914 |       0 |   0.0 |      28 |       0 |   0.0
    Swamp:3 |   10349 |    4819 |  31.8 |      24 |       5 |  17.2
    Swamp:4 |   18635 |   19113 |  50.6 |      43 |      23 |  34.8
    Snake:1 |   12433 |       0 |   0.0 |      25 |       0 |   0.0
    Snake:2 |    9797 |       0 |   0.0 |      19 |       0 |   0.0
    Snake:3 |   18301 |    3418 |  15.7 |      30 |       7 |  18.9
    Snake:4 |   16144 |   60750 |  79.0 |      30 |      70 |  70.0
      Orc:1 |    1710 |    2393 |  58.3 |      38 |      15 |  28.3
      Orc:2 |    3713 |    8670 |  70.0 |      39 |      18 |  31.6
      Elf:1 |   20773 |   12049 |  36.7 |      35 |      18 |  34.0
      Elf:2 |   15011 |   24350 |  61.9 |      26 |      29 |  52.7
      Elf:3 |   18580 |   30766 |  62.3 |      35 |      23 |  39.7
   Vaults:1 |   29721 |   26625 |  47.3 |      52 |      43 |  45.3
   Vaults:2 |   18287 |   23263 |  56.0 |      30 |      34 |  53.1
   Vaults:3 |   36697 |    6064 |  14.2 |      53 |      10 |  15.9
   Vaults:4 |   56614 |   58087 |  50.6 |      70 |      61 |  46.6
   Vaults:5 |   15989 |  113976 |  87.7 |      26 |      67 |  72.0
    Crypt:1 |    8421 |       0 |   0.0 |      17 |       0 |   0.0
    Crypt:2 |   33048 |    5402 |  14.0 |      48 |       3 |   5.9
    Crypt:3 |   39038 |   48338 |  55.3 |      43 |      56 |  56.6
   Depths:1 |   49726 |    1058 |   2.1 |      68 |       1 |   1.4
   Depths:2 |   25455 |   60685 |  70.4 |      32 |      46 |  59.0
   Depths:3 |   11862 |   38977 |  76.7 |      18 |      39 |  68.4
   Depths:4 |   39398 |   54470 |  58.0 |      51 |      41 |  44.6
   Depths:5 |   75544 |   42206 |  35.8 |      46 |      18 |  28.1
      Zot:1 |   47913 |   47409 |  49.7 |      32 |      19 |  37.3
      Zot:2 |   57477 |   25885 |  31.1 |      27 |      14 |  34.1
      Zot:3 |   69809 |    4104 |   5.6 |      41 |       2 |   4.7
      Zot:4 |   61695 |   76842 |  55.5 |      40 |      15 |  27.3
      Zot:5 |   46615 |   87055 |  65.1 |      26 |      28 |  51.9
    Abyss:3 |   22972 |       0 |   0.0 |      56 |       0 |   0.0
    Abyss:4 |   25404 |    1053 |   4.0 |      61 |       2 |   3.2
     Bailey |       0 |    5488 | 100.0 |       0 |      40 | 100.0
            +---------+---------+-------+---------+---------+-------
